 Dungeon Crawl Stone Soup version 0.22-a0-612-gd2f0174 (webtiles) character file.

10747 Gildeon the Carver (level 11, -8/79 HPs)
             Began as a Human Fighter on July 11, 2018.
             Was a High Priest of Cheibriados.
             Mangled by a yak (13 damage)
             ... on level 2 of the Lair of Beasts.
             The game lasted 00:41:45 (10024 turns).

Gildeon the Carver (Human Fighter)                 Turns: 10024, Time: 00:41:46

Health: -8/79      AC: 17    Str: 30    XL:     11   Next: 98%
Magic:  11/18      EV: 10    Int: 28    God:    Cheibriados [*****.]
Gold:   202        SH: 13    Dex: 26    Spells: 9/19 levels left

rFire    . . .     SeeInvis .   a - +1 long sword (protect)
rCold    + . .     Gourm    .   c - +0 shield
rNeg     . . .     Faith    .   o - +1 plate armour
rPois    +         Spirit   .   (helmet restricted)
rElec    .         Reflect  .   h - +0 cloak
rCorr    .         Harm     +   r - +0 pair of gloves
MR       +....                  n - +0 pair of boots
Stlth    ..........             m - amulet of harm
HPRegen  0.23/turn              A - ring "Ataijo" {*Drain rPois rC+ MR+ Stlth+}
MPRegen  0.16/turn              x - +4 ring of intelligence

@: lethally poisoned (-8 -> -9), very slightly contaminated, very slow
A: horns 1, blink, shaggy fur 1
a: Blink, Bend Time, Temporal Distortion, Slouch, Step From Time, Renounce
Religion


You were on level 2 of the Lair of Beasts.
You worshipped Cheibriados.
Cheibriados was extremely pleased with you.
You were not hungry.

You visited 3 branches of the dungeon, and saw 13 of its levels.

You collected 482 gold pieces.
You spent 280 gold pieces at shops.

Inventory:

Hand Weapons
 a - a +1 long sword of protection (weapon)
 t - the +10 mace of Cowardice {crush, Int+4}
   (You found it on level 6 of the Dungeon)

   It inflicts extra damage upon your enemies.
   It affects your intelligence (+4).
Missiles
 E - 2 tomahawks (quivered)
Armour
 c - a +0 shield (worn)
 h - a +0 cloak (worn)
 n - a +0 pair of boots (worn)
 o - a +1 plate armour (worn)
 r - a +0 pair of gloves (worn)
 y - a +0 helmet
Jewellery
 j - an uncursed ring of protection from magic
 k - an uncursed ring of protection from cold
 m - an amulet of harm (around neck)
 q - an uncursed ring of protection from magic
 x - a +4 ring of intelligence (right hand)
 A - the ring "Ataijo" (left hand) {*Drain rPois rC+ MR+ Stlth+}
   (You found it on level 9 of the Dungeon)

   [ring of protection from magic]

   It protects you from cold.
   It protects you from poison.
   It affects your resistance to hostile enchantments.
   It causes draining when unequipped.
   It makes you more stealthy.
 D - an uncursed amulet of faith
Wands
 f - a wand of iceblast (3)
 C - a wand of flame (5)
Scrolls
 g - 7 scrolls of teleportation
 l - 2 scrolls of magic mapping
 s - 2 scrolls of fear
 u - a scroll of fog
 v - a scroll of blinking
Potions
 d - a potion of brilliance {unknown}
 e - 2 potions of flight
 B - a potion of agility {unknown}
 H - a potion of invisibility {unknown}
Comestibles
 b - 12 rations
 i - 7 chunks of flesh


   Skills:
 - Level 5.0 Fighting
 * Level 10.8 Long Blades
 - Level 5.0 Armour
 - Level 5.0 Dodging
 + Level 8.1 Shields
 + Level 4.7 Spellcasting
 + Level 2.8 Hexes
 + Level 3.2 Translocations
 - Level 5.0 Invocations
 - Level 5.0 Evocations


You had 9 spell levels left.
You knew the following spells:

 Your Spells              Type           Power        Failure   Level  Hunger
a - Blink                 Tloc           N/A          54%         2    None
b - Slow                  Hex            ###.....     58%         2    None
c - Conjure Flame         Conj/Fire      #.......     99%         3    #......
d - Mephitic Cloud        Conj/Pois/Air  #.......     99%         3    #......

Your spell library contained the following spells:

 Spells                   Type           Power        Failure   Level  Hunger
 Magic Dart               Conj           #...         85%         1    None
 Call Imp                 Summ           #.......     94%         2    None
 Spider Form              Tmut/Pois      #.........   99%         3    #......
 Blade Hands              Tmut           #.........   100%        5    #####..
 Ice Form                 Ice/Tmut       #.......     100%        4    ###....
 Sticks to Snakes         Tmut           #.......     94%         2    None
 Beastly Appendage        Tmut           #.....       85%         1    None


Dungeon Overview and Level Annotations

Branches:
Dungeon (10/15)            Temple (1/1) D:5            Lair (2/6) D:9
 Shoals (0/4) Lair:2       Spider (0/4) Lair:2          Orc (0/2) D:9

Altars:
Ashenzari
Cheibriados
Dithmenos
Elyvilon
Fedhas
Gozag
Hepliaklqana
Kikubaaqudgha
Makhleb
Nemelex Xobeh
Okawaru
Qazlal
Ru
Sif Muna
Trog
Uskayaw
Vehumet
Wu Jian
Xom
Yredelemnul
Zin
The Shining One

Shops:
D:6 :   D:9 ?*

Portals:
Labyrinth: Lair:2

Annotations:
D:10 Snorg


Innate Abilities, Weirdness & Mutations

You have a pair of small horns on your head.
You can translocate small distances at will.
You are covered in fur. (AC +1)


Message History

Casting: Blink (safe; 54% risk of failure)
Confirm with . or Enter, or press ? or * to list all spells.
You miscast Blink.
You are very lightly contaminated with residual magic.
You catch a glimpse of the back of your own head.
The yak gores you but does no damage.
Casting: Blink (safe; 54% risk of failure)
Confirm with . or Enter, or press ? or * to list all spells.
You miscast Blink.
Strange energies run through your body. The yak gores you but does no damage.
You feel sick. You block the yak's attack.
Casting: Blink (safe; 54% risk of failure)
Confirm with . or Enter, or press ? or * to list all spells.
You blink.
Casting: Blink (safe; 54% risk of failure)
Confirm with . or Enter, or press ? or * to list all spells.
You miscast Blink.
You catch a glimpse of the back of your own head.
The yak gores you!
You die...

*** ##### ### ###
**,#####(..######.###.######
,,,.........†..Y@..........##
***.........###P#...........#
*,,.#####...######.<.......P#
**,,***#....P# #.........##
**,*,*##...## #....}[....#
***,,,**#...#* *#..........#
,,...........# #P..........##
,,...Y......##**##.........#.#
,,..........#*,,,P..........##


You could see a yak.

Vanquished Creatures
  4 two-headed ogres
  A spiny frog (Lair:2)
  5 komodo dragons
  4 yaks
  Grinder (D:5)
  A troll (D:9)
  3 hornets (D:9)
  A hippogriff (Lair:2)
  A hungry ghost (D:8)
  A wyvern (D:8)
  A basilisk (D:9)
  A soldier ant (D:9)
  2 water moccasins
  3 porcupines
  A hornet zombie (D:7)
  2 ice beasts
  2 orc warriors (D:9)
  3 ogres (D:9)
  4 wolves (Lair:1)
  4 centaurs
  5 crocodiles
  2 big kobolds (D:9)
  A gnoll sergeant (D:9)
  4 bullfrogs
  A water moccasin zombie (D:8)
  A scorpion (D:7)
  A water moccasin skeleton (D:5)
  A wight (D:9)
  10 killer bees (D:7)
  3 howler monkeys
  2 centaur zombies
  4 crimson imps
  4 hounds
  2 jellies (D:5)
  3 orc wizards
  A gnoll shaman (D:6)
  Jessica (D:3)
  An iguana (D:6)
  2 worker ants
  A killer bee zombie (D:8)
  5 gnolls
  13 adders
  3 oozes
  An adder skeleton (D:8)
  An adder zombie (D:5)
  A worm (D:2)
  6 dart slugs
  5 leopard geckos
  27 orcs
  3 ball pythons
  6 bats
  4 giant cockroaches
  3 goblins
  5 hobgoblins
  19 jackals
  7 kobolds
  3 quokkas
  3 frilled lizards
  6 rats
216 creatures vanquished.

Vanquished Creatures (others)
  An elephant (D:9)
  An orc (D:9)
  2 fungi
4 creatures vanquished.

Grand Total: 220 creatures vanquished

Notes
Turn   | Place    | Note
-------+----------+-------------------------------------------
     0 | D:1      | Gildeon the Human Fighter began the quest for the Orb.
     0 | D:1      | Reached XP level 1. HP: 18/18 MP: 1/1
    74 | D:1      | Reached XP level 2. HP: 22/24 MP: 2/2
   279 | D:1      | Reached XP level 3. HP: 28/29 MP: 3/3
   420 | D:1      | Reached skill level 1 in Dodging
   716 | D:2      | Reached XP level 4. HP: 34/35 MP: 4/4
   796 | D:2      | Reached skill level 3 in Long Blades
  1303 | D:2      | Found a snail-covered altar of Cheibriados.
  1309 | D:2      | Became a worshipper of Cheibriados the Contemplative
  1508 | D:2      | Reached XP level 5. HP: 41/41 MP: 5/5
  1635 | D:3      | Found a faded altar of an unknown god.
  1907 | D:3      | Reached * piety under Cheibriados
  2206 | D:3      | Noticed Jessica
  2208 | D:3      | Killed Jessica
  2208 | D:3      | Reached XP level 6. HP: 48/48 MP: 6/6
  2451 | D:3      | Reached skill level 4 in Long Blades
  3025 | D:4      | Found a sparkling altar of Nemelex Xobeh.
  3156 | D:5      | Entered Level 5 of the Dungeon
  3247 | D:5      | Reached XP level 7. HP: 43/54 MP: 7/7
  3364 | D:5      | Reached ** piety under Cheibriados
  3507 | D:5      | Found a staircase to the Ecumenical Temple.
  3508 | D:5      | Noticed Grinder
  3529 | D:5      | Killed Grinder
  3529 | D:5      | Reached skill level 5 in Long Blades
  3538 | Temple   | Entered the Ecumenical Temple
  3749 | D:5      | Reached XP level 8. HP: 61/61 MP: 8/8
  3858 | D:4      | Found an iron altar of Okawaru.
  3858 | D:4      | Found a hazy altar of Hepliaklqana.
  3858 | D:4      | Found an ancient bone altar of Kikubaaqudgha.
  3858 | D:4      | Found a basalt altar of Yredelemnul.
  3904 | D:6      | Found Jafyfup's Book Shop.
  4110 | D:6      | Bought a book of Minor Magic for 280 gold pieces
  4113 | D:6      | Learned a level 2 spell: Blink
  4116 | D:6      | Learned a level 2 spell: Slow
  4120 | D:6      | Learned a level 3 spell: Conjure Flame
  4467 | D:6      | Reached skill level 6 in Long Blades
  4467 | D:6      | Reached skill level 5 in Shields
  4482 | D:6      | Got a faintly glowing mace
  4503 | D:6      | Reached skill level 5 in Fighting
  4519 | D:6      | Identified the +10 mace of Cowardice {crush, Int+4} (You found it on level 6 of the Dungeon)
  4801 | D:7      | Reached *** piety under Cheibriados
  4808 | D:7      | Reached skill level 1 in Evocations
  4819 | D:7      | Reached XP level 9. HP: 16/68 MP: 9/9
  4823 | D:7      | HP: 1/68 [killer bee (4)]
  5292 | D:7      | Gained mutation: You have a pair of small horns on your head. [potion of mutation]
  5292 | D:7      | Gained mutation: You are covered in fur. (AC +1) [potion of mutation]
  5292 | D:7      | Gained mutation: You can translocate small distances at will. [potion of mutation]
  5356 | D:7      | Got a scorched war axe
  5443 | D:7      | Reached skill level 7 in Long Blades
  5443 | D:7      | Reached skill level 5 in Armour
  5938 | D:8      | Reached skill level 1 in Invocations
  6060 | D:8      | Reached **** piety under Cheibriados
  6060 | D:8      | Reached skill level 5 in Dodging
  6087 | D:8      | Noticed a two-headed ogre
  6099 | D:8      | Killed a two-headed ogre
  6099 | D:8      | Reached skill level 8 in Long Blades
  6099 | D:8      | Reached skill level 1 in Spellcasting
  6099 | D:8      | Reached XP level 10. HP: 64/74 MP: 12/12
  6199 | D:8      | Noticed a two-headed ogre
  6207 | D:8      | Killed a two-headed ogre
  6213 | D:8      | Learned a level 3 spell: Mephitic Cloud
  6511 | D:8      | Noticed a two-headed ogre
  6525 | D:8      | Killed a two-headed ogre
  6525 | D:8      | Reached skill level 9 in Long Blades
  6865 | D:9      | Found Seneed's Magic Scroll Shoppe.
  6876 | D:9      | Found a staircase to the Lair.
  6876 | D:9      | Noticed an elephant
  6998 | D:9      | Found Omoaf's Assorted Antiques.
  7007 | D:9      | Paralysed by a hornet for 1 turns
  7442 | D:9      | Noticed a two-headed ogre
  7450 | D:9      | Killed a two-headed ogre
  7450 | D:9      | Reached XP level 11. HP: 37/79 MP: 14/16
  7688 | D:9      | Got a pitted wooden ring
  7746 | D:9      | Found a staircase to the Orcish Mines.
  7749 | D:9      | Reached skill level 5 in Invocations
  7763 | D:9      | Reached skill level 5 in Evocations
  7812 | D:9      | Reached skill level 1 in Translocations
  8103 | D:9      | Reached ***** piety under Cheibriados
  8103 | D:9      | Reached skill level 10 in Long Blades
  8254 | D:9      | Paralysed by a hornet for 2 turns
  8258 | D:9      | Paralysed by a hornet for 2 turns
  8262 | D:9      | Reached skill level 1 in Hexes
  8508 | D:10     | Entered Level 10 of the Dungeon
  8508 | D:10     | Noticed Snorg
  8550 | Lair:1   | Entered Level 1 of the Lair of Beasts
  9063 | Lair:1   | Identified the ring "Ataijo" {*Drain rPois rC+ MR+ Stlth+} (You found it on level 9 of the Dungeon)
  9555 | Lair:1   | Identified the +9 war axe "Darigece" {vamp, MR- Int+4 SInv} (You found it on level 7 of the Dungeon)
  9772 | Lair:2   | Found a labyrinth entrance.
  9787 | Lair:2   | Found a staircase to the Shoals.
  9788 | Lair:2   | Noticed a manticore
 10024 | Lair:2   | Mangled by a yak

Vault maps used:
D:1:      dpeg_arrival_fog
D:2:      kennysheep_slug_shrine
D:3:      chequers_ecumenical_altar_simple_redux, uniq_jessica
D:4:      nicolae_overflow_hidden_temple, first_ration, dk_noncrumbling_3,
          nemelex_dance_club_becter
D:5:      minmay_temple_entry_butterflies, uniq_grinder
D:6:      serial_shops, shop
D:8:      minmay_thick_lines
D:9:      david_lair_generic, kennysheep_orc_monster_closet_entryway,
          serial_shops, shop, nicolae_shop_window_shopping,
          hangedman_pestilent_swarm, minmay_splitting_lines,
          kennysheep_generic_room_6
D:10:     serial_shops, shop, uniq_snorg
Temple:   compressed_dpeg_circular_temple
Lair:2:   minmay_shoals_entry_beasts, spider_nest_entry_funnel_web,
          lab_entry_generic

Skill      XL: |  1  2  3  4  5  6  7  8  9 10 11 |
---------------+----------------------------------+-----
Dodging        | 1 2 3 4 5 |  5.0
Long Blades    | 3 4 5 6 8 9 10 | 10.8
Shields        | 4 5 6 7 8 |  8.1
Fighting       | 4 5 |  5.0
Armour         | 4 5 |  5.0
Evocations     | 1 3 4 5 |  5.0
Invocations    | 3 4 5 |  5.0
Spellcasting   | 1 3 4 |  4.7
Translocations | 3 |  3.2
Hexes          | 2 |  2.8

Action                   |  1- 3 |  4- 6 |  7- 9 | 10-12 || total
-------------------------+-------+-------+-------+-------++-------
Melee: Long sword        |    97 |   243 |   269 |   306 ||   915
       Headbutt          |       |       |    22 |   121 ||   143
Throw: Tomahawk          |       |    15 |     8 |    34 ||    57
 Cast: Blink             |       |       |       |     4 ||     4
Evoke: Wand              |       |       |     4 |    17 ||    21
  Use: Scroll            |     1 |    10 |     6 |    10 ||    27
       Potion            |       |       |    10 |     3 ||    13
  Eat: Chunk             |       |     3 |     1 |       ||     4
       Ration            |       |     1 |     2 |     2 ||     5
Armor: Scale mail        |    43 |    33 |       |       ||    76
       Chain mail        |       |    25 |       |       ||    25
       Plate armour      |       |    97 |   154 |   125 ||   376
       Skin              |       |       |    14 |       ||    14
Dodge: Dodged            |    24 |    52 |    73 |   108 ||   257
Block: Shield            |    50 |   116 |   200 |   212 ||   578
       Rpst.: Long sword |     5 |    14 |    26 |    28 ||    73

Table legend:
 A = Spawn XP
 B = Non-spawn XP
 C = Spawn XP percentage of total XP
 D = Spawn monster count
 E = Non-spawn monster count
 F = Spawn count percentage of total count
 G = Total turns spent on level
                    A         B        C        D         E        F      G
               +---------+---------+-------+---------+---------+-------+---------
         Total |       0 |   15353 |   0.0 |       0 |     217 |   0.0 | 10024
               +---------+---------+-------+---------+---------+-------+---------
           D:1 |       0 |      55 |   0.0 |       0 |      22 |   0.0 |   667
           D:2 |       0 |     101 |   0.0 |       0 |      22 |   0.0 |   961
           D:3 |       0 |     152 |   0.0 |       0 |      22 |   0.0 |   916
           D:4 |       0 |     158 |   0.0 |       0 |      11 |   0.0 |   624
           D:5 |       0 |     609 |   0.0 |       0 |      11 |   0.0 |   610
           D:6 |       0 |     609 |   0.0 |       0 |      26 |   0.0 |   836
           D:7 |       0 |     965 |   0.0 |       0 |      20 |   0.0 |  1082
           D:8 |       0 |    3935 |   0.0 |       0 |      24 |   0.0 |  1298
           D:9 |       0 |    4149 |   0.0 |       0 |      36 |   0.0 |  1428
        Lair:1 |       0 |    2763 |   0.0 |       0 |      15 |   0.0 |  1289
        Lair:2 |       0 |    1857 |   0.0 |       0 |       8 |   0.0 |   185
               +---------+---------+-------+---------+---------+-------+---------
